 Dungeon Crawl Stone Soup version 0.29-a0-41-g89e12c0570 (webtiles) character file.

Game seed: 6950236961715293591

191 Destapler the Grave Robber (level 5, -4/45 HPs)
             Began as a Deep Dwarf Necromancer on Feb 2, 2022.
             Slain by an ogre (12 damage)
             ... in the Ecumenical Temple.
             The game lasted 00:09:58 (3781 turns).

Destapler the Grave Robber (Deep Dwarf Necromancer) Turns: 3781, Time: 00:10:00

Health: -4/45      AC:  2    Str: 11    XL:     5   Next: 41%
Magic:  8/9        EV: 13    Int: 18    God:
Gold:   117        SH:  7    Dex: 25    Spells: 5/9 levels left

rFire   . . .      SeeInvis .   a - +0 hand axe
rCold   . . .      Faith    .   g - +2 buckler
rNeg    . . .      Spirit   .   c - +0 robe
rPois   .          Reflect  .   (no helmet)
rElec   .          Harm     .   (no cloak)
rCorr   .          Rampage  .   (no gloves)
Will    .....                   (no boots)
Stlth   +++.......              (no amulet)
HPRegen 0.00/turn               i - +6 ring of dexterity
MPRegen 0.11/turn               n - +6 ring of dexterity

@: no status effects
A: damage resistance, heal wounds, sense surroundings 1, no regeneration
a: Heal Wounds


You were in the Ecumenical Temple.
You visited 2 branches of the dungeon, and saw 5 of its levels.

You collected 117 gold pieces.

Inventory:

Hand Weapons
 a - a +0 hand axe (weapon)
Armour
 c - a +0 robe (worn)
 g - a +2 buckler (worn)
Jewellery
 i - a +6 ring of dexterity (left hand)
 n - a +6 ring of dexterity (right hand)
Scrolls
 d - a scroll of enchant weapon {unknown}
 e - a scroll of summoning {unknown}
 f - a scroll of identify {unknown}
 h - a scroll of fear {unknown}
 j - a scroll of enchant armour {unknown}
 k - 2 scrolls of magic mapping {unknown}
 m - a scroll of fog {unknown}
Potions
 l - a potion of heal wounds {unknown}


   Skills:
 + Level 1.9 Fighting
 + Level 1.1 Axes
 + Level 1.3 Armour
 - Level 3.0 Dodging
 - Level 3.0 Stealth
 + Level 1.3 Shields
 * Level 2.8 Spellcasting
 + Level 4.8 Necromancy


You had 5 spell levels left.
You knew the following spells:

 Your Spells              Type           Power      Damage    Failure   Level
a - Pain                  Necr           80%        1d8       3%          1
b - Vampiric Draining     Necr           20%        2d7       9%          3

Your spell library contained the following spells:

 Spells                   Type           Power      Damage    Failure   Level
 Animate Skeleton         Necr           40%        N/A       3%          1
 Sublimation of Blood     Necr           20%        N/A       4%          2
 Animate Dead             Necr           10%        N/A       30%         4
 Wereblood                Tmut           2%         N/A       32%         2
 Agony                    Necr           20%        N/A       63%         5
 Summon Hydra             Summ           1%         N/A       100%        7


Dungeon Overview and Level Annotations

Branches:
Dungeon (4/15)             Temple (1/1) D:4

Altars:
Ashenzari
Cheibriados
Dithmenos
Fedhas
Hepliaklqana
Kikubaaqudgha
Nemelex Xobeh
Okawaru
Qazlal
Ru
Sif Muna
Trog
Uskayaw
Vehumet
Xom
Yredelemnul
Zin

Shops:
D:1 [:!=


Innate Abilities, Weirdness & Mutations

You are resistant to damage.
You can heal yourself by infusing magical energy.
You passively map a small area around you.
You do not regenerate.


Message History

Found a basalt altar of Yredelemnul.
You reach down and open the door.
You block the ogre's attack.
Found a glowing silver altar of Zin.
Found two altars.
There is an open door here.
Found a broken altar of Ashenzari.
You are starting to lose your buoyancy.
You reach down and open the door.
You block the ogre's attack.
Found a snail-covered altar of Cheibriados.
There is an open door here.
There is a snail-covered altar of Cheibriados here.
Found a hazy altar of Hepliaklqana.
You float gracefully downwards.
You open the door.
The ogre hits you with a +0 giant club!!
* * * LOW HITPOINT WARNING * * *
Found a shimmering blue altar of Sif Muna.
There is an open door here.
There is a shimmering blue altar of Sif Muna here.
As you open the door, it creaks loudly!
Found a sacrificial altar of Ru.
There is an open door here.
There is a sacrificial altar of Ru here.
You open the door. You block the ogre's attack.
Found a bloodstained altar of Trog.
Found a shadowy altar of Dithmenos.
There is an open door here.
There is a shadowy altar of Dithmenos here.
You open the door. You block the ogre's attack.
Found a stormy altar of Qazlal.
Found a shimmering altar of Xom and a blossoming altar of Fedhas.
There is an open door here.
Found a radiant altar of Vehumet.
You open the door. You block the ogre's attack.
Aiming: Pain (safe; 3% risk of failure)
Press: ? - help, Q - select action, (/) - cycle Shift-Dir - straight line, f - ogre
Aim: an ogre, wielding a +0 giant club (chance to affect: 78%)
The ogre barely resists.
The ogre hits you with a +0 giant club!
You die...

, #......# #...... ,
#......# #.._...## ,,
#.._...# ........#
#........ ........#
#........ ......+###
#........ * *
.......####+####....
...###'........#...###+.
*......#@.......#......#.
*......#O.......#......#.
..._..##..._..# ..._..##
.......#......#,.......#
*
,.......#......#,.......#
**+
.......#...###+,.......#
, ####'#### , ####'
.......,+###...#.......
+###...# .......
#......#....... #......#


You could see an ogre.

Vanquished Creatures
  A scorpion (D:4)
  An orc wizard (D:3)
  3 adders
  5 dart slugs
  2 orcs (D:3)
  4 endoplasms
  3 giant cockroaches (D:1)
  6 goblins
  5 hobgoblins
  6 jackals
  8 kobolds
  5 quokkas
  5 ball pythons
  3 bats
  2 frilled lizards
  4 rats
63 creatures vanquished.

Notes
Turn   | Place    | Note
-------+----------+-------------------------------------------
     0 | D:1      | Destapler the Deep Dwarf Necromancer began the quest for
                  | the Orb.
     0 | D:1      | Reached XP level 1. HP: 15/15 MP: 3/3
    80 | D:1      | Reached XP level 2. HP: 18/24 MP: 1/4
   336 | D:1      | Found Jankohu's Distillery.
   386 | D:1      | Reached skill level 1 in Fighting
   404 | D:1      | Found Ebboinn's Jewellery Emporium.
   746 | D:1      | Found Ocleleubb's Armour Emporium.
   964 | D:1      | Found Kozy's Book Emporium.
   968 | D:1      | Reached XP level 3. HP: 18/31 MP: 6/6
  1159 | D:2      | Learned a level 3 spell: Vampiric Draining
  1232 | D:2      | Found a faded altar of an unknown god.
  1883 | D:2      | Reached XP level 4. HP: 38/38 MP: 0/7
  2723 | D:3      | Reached skill level 1 in Armour
  2788 | D:3      | Reached skill level 1 in Shields
  3340 | D:4      | Noticed a scorpion
  3349 | D:4      | Killed a scorpion
  3350 | D:4      | Reached skill level 1 in Axes
  3350 | D:4      | Reached XP level 5. HP: 39/45 MP: 1/9
  3554 | D:4      | Noticed an ogre
  3696 | D:4      | Found a staircase to the Ecumenical Temple.
  3699 | D:4      | Noticed an ogre
  3705 | Temple   | Entered the Ecumenical Temple
  3781 | Temple   | Slain by an ogre

Illustrated notes

Levels and vault maps discovered:
D:1:      beargit_arrival_greenhouse, layout_basic, serial_shops,
          nicolae_lakefront_shop, nicolae_shop_advertising_works
          [nicolae_subvault_shop_adworks], nicolae_shop_behind_doors,
          nicolae_shop_hallway_plus, minmay_vboxes
D:2:      layout_rooms, shapermc_ecumenical_altar_notcrosses,
          minmay_misc_feat_secret_circle
D:3:      layout_basic
D:4:      layout_layer_cave, minmay_temple_entry_crystal_x, st_stairs_1
Temple:   mainiacjoe_temple_bowtie_tessellation

Skill      XL: |  1  2  3  4 |
---------------+-------------+-----
Spellcasting   | 2 |  2.8
Fighting       | 1 |  1.9
Stealth        | 3 |  3.0
Dodging        | 3 |  3.0
Armour         | 1 |  1.3
Shields        | 1 |  1.3
Axes           | 1 |  1.1
Necromancy     | |  4.8

Action                   |  1- 3 |  4- 6 || total
-------------------------+-------+-------++-------
Melee: Dagger            |    34 |       ||    34
       Hand axe          |    17 |    26 ||    43
 Cast: Pain              |    33 |    16 ||    49
       Vampiric Draining |    13 |    13 ||    26
  Use: Potion            |       |     1 ||     1
 Stab: Sleeping          |     4 |     1 ||     5
Armor: Robe              |    15 |     2 ||    17
Dodge: Dodged            |    34 |    21 ||    55
Block: Buckler           |    14 |    15 ||    29

Table legend: (Time is in decaauts)
 A = Elapsed time spent in this place.
 B = Non-inter-level travel time spent in this place.
 C = Inter-level travel time spent in this place.
 D = Time resting spent in this place.
 E = Time spent auto-exploring this place.
 F = Levels seen in this place.
 G = Mean time per level.
                   A        B        C        D        E       F      G
               +--------+--------+--------+--------+--------+-----+--------+
         Total |   3797 |   3631 |    166 |    125 |   2898 |   5 |  759.4 |
       Dungeon |   3722 |   3556 |    166 |    125 |   2898 |   4 |  930.5 |
        Temple |     75 |     75 |      0 |      0 |      0 |   1 |   75.0 |
               +--------+--------+--------+--------+--------+-----+--------+

Top non-repeatable levels by time:
     D:3: 1342 daAuts
     D:2: 1094 daAuts
     D:1: 1036 daAuts
     D:4: 247 daAuts
  Temple: 75 daAuts
